 Dungeon Crawl Stone Soup version 0.31-a0-1591-g515db51633 (console) character file.

Game seed: 17907464115500130536

6068 Banquo the Fighter (level 11, 0/82 HPs)
             Began as a Djinni Air Elementalist on Jan 6, 2024.
             Was a Priest of Dithmenos.
             Slain by a yak (16 damage)
             ... on level 8 of the Dungeon on Jan 7, 2024.
             The game lasted 00:36:55 (11252 turns).

Banquo the Fighter (Djinni Air Elementalist)       Turns: 11252, Time: 00:36:56

Health: 0/82       AC:  2    Str:  7    XL:     11   Next: 11%
Gold:   590        EV: 20    Int: 21    God:    Dithmenos [***...] SH:  6 Dex: 14

rFire   + + .        H - staff of conjuration
rCold   x . .        i - +0 buckler
rNeg    . . .        z - +0 robe
rPois   ∞            h - +0 hat
rElec   .            e - scarf {+Inv}
rCorr   .            (no gloves)
SInv    .            (boots unavailable)
Will    +....        (no amulet)
Stlth   ++           o - +5 ring of evasion
HPRegen 0.33/turn    w - ring of wizardry
MPRegen 0.00/turn

%: wizardry (x1), infuse magic (-1 HP)
@: flying, wreathed by umbra
A: sickness immunity, fire resistance 2, cold vulnerability 1, float, innate
caster, HP casting, extra vitality 1
a: Renounce Religion, Evoke Invisibility, Shadow Step


You were on level 8 of the Dungeon.
You worshipped Dithmenos.
Dithmenos was most pleased with you.
You visited 3 branches of the dungeon, and saw 11 of its levels.

You collected 603 gold pieces.
You spent 13 gold pieces at shops.

Inventory:

Hand Weapons
 a - a +2 dagger of venom
 k - a +3 hand axe of electrocution
 y - a +2 dagger of holy wrath
 F - a +0 spear of flaming
 J - a +0 trident of venom
 L - a +2 dagger of speed
Missiles
 d - 115 stones
 n - 11 poisoned darts
Armour
 e - a scarf of invisibility (worn)
 h - a +0 hat (worn)
 i - a +0 buckler (worn)
 z - a +0 robe (worn)
Magical Staves
 b - a staff of death
 x - a staff of fire
 H - a staff of conjuration (weapon)
Jewellery
 o - a +5 ring of evasion (left hand)
 w - a ring of wizardry (right hand)
 C - a ring of resist corrosion
 D - a ring of willpower
Wands
 N - a wand of iceblast (14)
Scrolls
 f - a scroll of revelation {unknown}
 g - 2 scrolls of fog {unknown}
 p - 4 scrolls of torment {unknown}
 q - 2 scrolls of immolation {unknown}
 r - 2 scrolls of noise {unknown}
 s - 3 scrolls of identify {unknown}
 t - 2 scrolls of fear
 K - a scroll of blinking {unknown}
 O - a scroll of enchant weapon {unknown}
Potions
 c - 2 potions of enlightenment {unknown}
 j - 3 potions of brilliance {unknown}
 l - 4 potions of curing {unknown}
 m - 2 potions of might {unknown}
 u - a potion of invisibility {unknown}
 v - 4 potions of haste {unknown}
 B - 2 potions of cancellation {unknown}
 E - 4 potions of heal wounds {unknown}


   Skills:
 * Level 8.4 Fighting
 * Level 8.2 Dodging
 - Level 1.5 Stealth
 * Level 7.1 Shields
 * Level 7.7 Spellcasting
 * Level 7.7 Conjurations
 * Level 7.7 Hexes
 * Level 7.7 Summonings
 * Level 7.7 Necromancy
 * Level 7.7 Translocations
 * Level 7.7 Fire Magic
 * Level 7.7 Ice Magic
 * Level 7.7 Air Magic
 * Level 7.7 Earth Magic
 * Level 7.7 Alchemy


You knew the following spells:

 Your Spells              Type           Power      Damage    Failure   Level
a - Shock                 Conj/Air       100%       1d9       1%          1
b - Brom's Barrelling Bo  Conj/Erth      57%        2d7       1%          4
c - Fugue of the Fallen   Necr           40%        N/A       1%          3
d - Static Discharge      Conj/Air       100%       3-8/arc   1%          2
e - Sting                 Conj/Alch      100%       1d9       1%          1
f - Scorch                Fire           80%        2d8       1%          2
h - Hailstorm             Conj/Ice       57%        3d11      1%          3
z - Airstrike             Air            20%        2d(3-19)  1%          4
M - Swiftness             Air            40%        N/A       1%          3
Your spell library was empty.

Dungeon Overview and Level Annotations

Branches:
Dungeon (9/15)             Temple (1/1) D:6            Lair (1/5) D:8
    Orc: D:9-12

Altars:
Ashenzari
Cheibriados
Dithmenos
Fedhas
Gozag
Hepliaklqana
Nemelex Xobeh
Okawaru
Qazlal
Ru
Trog
Uskayaw
Wu Jian
Xom
Zin
The Shining One

Shops:
D:6 !   D:9 :

Annotations:
D:5 Freezy corridor
D:7 3 runed translucent doors, timneilson's ghost, novice GrFi


Innate Abilities, Weirdness & Mutations

You are immune to sickness and miasma.
You are immune to poison.
Your flesh is very heat resistant. (rF++)
You are vulnerable to cold. (rC-)
You float through the air rather than walking.
You learn spells naturally, not from books.
Your magical power is your life essence.
You have superior vitality. (+4 MHP)


Message History

The blink frog misses you. The yak gores you.
You block the blink frog's attack.
Casting: Airstrike (dangerous; 1% risk of failure)
Confirm with . or Enter, or press ? or * to list all spells.
Aiming: Airstrike (dangerous; 1% risk of failure)
Press: ? - help, Dir - move target, f/p - blink frog
Aim: a blink frog (severely wounded, umbra, empty space bonus: 4/8)
The air twists around and strikes the blink frog!
The blink frog is almost dead.
The blink frog hits you!! The yak closely misses you.
Unknown command.
Casting: Airstrike (dangerous; 1% risk of failure)
Confirm with . or Enter, or press ? or * to list all spells.
Aiming: Airstrike (dangerous; 1% risk of failure)
Press: ? - help, Dir - move target, f/p - blink frog
Aim: a blink frog (almost dead, umbra, empty space bonus: 4/8)
The air twists around and strikes the blink frog!
You kill the blink frog!
Dithmenos accepts your kill.
* * * LOW HITPOINT WARNING * * *
The yak misses you.
Casting: Airstrike (dangerous; 1% risk of failure)
Confirm with . or Enter, or press ? or * to list all spells.
Aiming: Airstrike (dangerous; 1% risk of failure)
Press: ? - help, Dir - move target, f - yak
Aim: a yak (umbra, empty space bonus: 5/8)
The air twists around and strikes the yak!
The yak is lightly wounded.
* * * LOW HITPOINT WARNING * * *
The yak closely misses you.
Casting: Airstrike (dangerous; 1% risk of failure)
Confirm with . or Enter, or press ? or * to list all spells.
Aiming: Airstrike (dangerous; 1% risk of failure)
Press: ? - help, Dir - move target, f/p - yak
Aim: a yak (lightly wounded, umbra, empty space bonus: 5/8)
The air twists around and strikes the yak!
The yak is heavily wounded.
* * * LOW HITPOINT WARNING * * *
The yak gores you!
You die...

...# #.#.........#
#..######.#.........#
#...................#
#.##.....#..........#
#.##................#
..####..............#
...###..)...........#
..........#....†Y...#
....##....######@####
#####.....# ### #
#..#..######
####.........[#
..)...........#
...#..........#
.........######
.......#..#
.......##.#


You could see a yak.

Vanquished Creatures
  A two-headed ogre (D:7)
  3 blink frogs
  A wraith (D:9)
  Eustachio (D:5)
  3 wyverns
  2 yaks (Lair:1)
  A basilisk (Lair:1)
  3 steam dragons
  A water moccasin (D:7)
  A sky beast (D:6)
  2 ice beasts
  An orc warrior (D:8)
  A black bear (D:3)
  4 ogres
  A phantom (D:5)
  4 centaurs
  2 bullfrogs
  A kobold brigand (D:8)
  A gnoll sergeant (D:9)
  2 scorpions (D:5)
  16 killer bees
  A water moccasin skeleton (D:5)
  2 bombardier beetles
  A jelly (D:6)
  6 hounds
  A bullfrog zombie (D:5)
  2 orc priests
  2 bullfrog skeletons (D:5)
  2 sleepcaps (D:5)
  Terence (D:2)
  7 orc wizards
  14 gnolls
  7 adders
  A white imp (D:7)
  2 ufetubi (D:5)
  3 dart slugs
  4 ribbon worms
  18 orcs
  11 ball pythons
  8 endoplasms
  5 giant cockroaches
  9 goblins
  8 hobgoblins
  7 jackals
  10 kobolds
  6 quokkas
  9 bats
  3 frilled lizards
  5 rats
207 creatures vanquished.

Notes
Turn   | Place    | Note
-------+----------+-------------------------------------------
     0 | D:1      | Banquo the Djinni Air Elementalist began the quest for the
                  | Orb.
     0 | D:1      | Banquo set off with the following spells memorised: Shock,
                  | Static Discharge, Swiftness, Airstrike.
     0 | D:1      | Reached XP level 1. HP: 15/15 MP: 0/0
    60 | D:1      | Reached XP level 2. HP: 19/22 MP: 0/0
    66 | D:1      | Reached skill level 1 in Fighting
   375 | D:1      | Reached XP level 3. HP: 26/27 MP: 0/0
   375 | D:1      | Learned a level 1 spell: Sting
   914 | D:2      | You are sucked into a shaft and drop 1 floor!
  1003 | D:2      | Reached XP level 4. HP: 31/33 MP: 0/0
  1287 | D:2      | Noticed Terence
  1290 | D:2      | Killed Terence
  1320 | D:2      | Reached XP level 5. HP: 32/39 MP: 0/0
  1320 | D:2      | Learned a level 2 spell: Scorch
  1683 | D:3      | Noticed a black bear
  1693 | D:3      | Killed a black bear
  1694 | D:3      | Reached XP level 6. HP: 37/47 MP: 0/0
  1849 | D:3      | Found a faded altar of an unknown god.
  2339 | D:4      | Found a shadowy altar of Dithmenos.
  2369 | D:4      | Became a worshipper of Dithmenos the Shadowed
  2547 | D:4      | Noticed an ogre
  2552 | D:4      | Killed an ogre
  2553 | D:4      | Reached skill level 1 in Shields
  2553 | D:4      | Reached XP level 7. HP: 22/52 MP: 0/0
  2553 | D:4      | Learned a level 3 spell: Fugue of the Fallen
  3049 | D:4      | Found a glowing golden altar of the Shining One.
  3068 | D:4      | Found a glowing silver altar of Zin.
  3185 | D:5      | Entered Level 5 of the Dungeon
  3404 | D:5      | Reached * piety under Dithmenos
  3405 | D:5      | Reached skill level 5 in Spellcasting
  3405 | D:5      | Reached skill level 5 in Conjurations
  3405 | D:5      | Reached skill level 5 in Hexes
  3405 | D:5      | Reached skill level 5 in Summonings
  3405 | D:5      | Reached skill level 5 in Necromancy
  3405 | D:5      | Reached skill level 5 in Translocations
  3405 | D:5      | Reached skill level 5 in Fire Magic
  3405 | D:5      | Reached skill level 5 in Ice Magic
  3405 | D:5      | Reached skill level 5 in Air Magic
  3405 | D:5      | Reached skill level 5 in Earth Magic
  3405 | D:5      | Reached skill level 5 in Alchemy
  3988 | D:5      | Reached XP level 8. HP: 54/58 MP: 0/0
  4196 | D:5      | Reached skill level 5 in Fighting
  4314 | D:5      | Found a broken altar of Ashenzari.
  4923 | D:6      | Found a staircase to the Ecumenical Temple.
  4928 | D:6      | Noticed Eustachio
  5008 | D:5      | Killed Eustachio
  5009 | D:5      | Reached skill level 5 in Dodging
  5009 | D:5      | Reached XP level 9. HP: 51/66 MP: 0/0
  5009 | D:5      | Learned a level 3 spell: Hailstorm
  5519 | D:5      | Found a broken altar of Ashenzari.
  5796 | D:6      | Found a hazy altar of Hepliaklqana.
  6040 | Temple   | Entered the Ecumenical Temple
  6074 | D:6      | Found Hearen's Distillery.
  6082 | D:6      | Bought a potion of degeneration for 13 gold pieces
  6523 | D:7      | Noticed timneilson's ghost (novice GrFi)
  6524 | D:7      | Found a runed translucent gate.
  6524 | D:7      | Found a runed translucent gate.
  6524 | D:7      | Found a runed translucent gate.
  7131 | D:7      | Reached ** piety under Dithmenos
  7226 | D:7      | Found a shimmering altar of Xom.
  7415 | D:7      | Reached skill level 5 in Shields
  7565 | D:7      | Noticed a two-headed ogre
  7626 | D:7      | Killed a two-headed ogre
  7627 | D:7      | Reached XP level 10. HP: 62/75 MP: 0/0
  7723 | D:7      | Found a stormy altar of Qazlal.
  8947 | D:8      | Found a staircase to the Lair.
  9545 | D:9      | Found a blossoming altar of Fedhas.
  9947 | D:9      | Found Tuck's Book Emporium.
 10294 | D:9      | Reached *** piety under Dithmenos
 10787 | Lair:1   | Entered Level 1 of the Lair of Beasts
 11027 | Lair:1   | Reached XP level 11. HP: 70/81 MP: 0/0
 11027 | Lair:1   | Learned a level 4 spell: Brom's Barrelling Boulder
 11252 | D:8      | Slain by a yak

Illustrated notes

Levels and vault maps discovered:
D:1:      dpeg_arrival_central, layout_loops_ring
D:2:      layout_rooms, serial_corexii_hall, corexii_hall_statues_s,
          chequers_hall_statues_corner_a, uniq_terence
D:3:      layout_loops_cross, dreamdust_ecumenical_altar_grove
D:4:      layout_loops_ring, amcnicky_altar_gilded, overflow_temple_1_default,
          mainiacjoe_overflow_alcove_4
D:5:      lemuel_ice_spiral_2, layout_basic, cheibrodos_ashenzari_chains,
          serial_undead, serial_undead_c, serial_undead_f, serial_undead_d,
          serial_undead_e, serial_undead_a
D:6:      layout_rooms, nicolae_hepliaklqana_hazy_memory, temple_pool_b,
          serial_shops, nicolae_shop_temple_entry_statues_fountains,
          serial_bayou_crossing, uniq_eustachio
D:7:      layout_loops_ring, tgw_xom, nicolae_qazlal_eye_of_the_storm,
          gammafunk_ghost_nasty_kobolds
D:8:      layout_rooms, lair_entry_dummy
D:9:      layout_basic, mainiacjoe_overflow_catch_the_wave, serial_shops,
          nicolae_diamond_shop
Temple:   cyrus_temple_forest
Lair:1:   layout_regular_city, grunt_megastairs_4, serial_bayou_shore_a

Skill      XL: |  1  2  3  4  5  6  7  8  9 10 11 |
---------------+----------------------------------+-----
Fighting       | 1 2 3 4 5 7 8 |  8.4
Spellcasting   | 4 5 6 7 |  7.7
Conjurations   | 4 5 6 7 |  7.7
Hexes          | 4 5 6 7 |  7.7
Summonings     | 4 5 6 7 |  7.7
Necromancy     | 4 5 6 7 |  7.7
Translocations | 4 5 6 7 |  7.7
Fire Magic     | 4 5 6 7 |  7.7
Ice Magic      | 4 5 6 7 |  7.7
Air Magic      | 4 5 6 7 |  7.7
Earth Magic    | 4 5 6 7 |  7.7
Alchemy        | 4 5 6 7 |  7.7
Shields        | 1 2 3 5 6 7 |  7.1
Dodging        | 3 5 6 8 |  8.2
Stealth        | |  1.5

Action                     |  1- 3 |  4- 6 |  7- 9 | 10-12 || total
---------------------------+-------+-------+-------+-------++-------
  Melee: Staff             |       |       |     5 |     1 ||     6
   Cast: Shock             |    54 |   113 |   181 |    37 ||   385
         Sting             |       |     5 |    29 |    21 ||    55
         Airstrike         |       |     3 |    33 |    74 ||   110
         Swiftness         |       |       |     1 |       ||     1
         Hailstorm         |       |       |       |     1 ||     1
    Use: Scroll            |       |       |     1 |     1 ||     2
 Armour: Robe              |     2 |     3 |    43 |    18 ||    66
  Dodge: Dodged            |     3 |    12 |    81 |    44 ||   140
  Block: Buckler           |       |       |     5 |     9 ||    14

Table legend: (Time is in decaauts)
 A = Elapsed time spent in this place.
 B = Non-inter-level travel time spent in this place.
 C = Inter-level travel time spent in this place.
 D = Time resting spent in this place.
 E = Time spent auto-exploring this place.
 F = Levels seen in this place.
 G = Mean time per level.
                   A        B        C        D        E       F      G
               +--------+--------+--------+--------+--------+-----+--------+
         Total |  11262 |   9999 |   1263 |   1367 |   6732 |  11 | 1023.8 |
       Dungeon |  10996 |   9733 |   1263 |   1299 |   6702 |   9 | 1221.8 |
        Temple |     15 |     15 |      0 |     14 |      0 |   1 |   15.0 |
          Lair |    250 |    250 |      0 |     54 |     30 |   1 |  250.0 |
               +--------+--------+--------+--------+--------+-----+--------+

Top non-repeatable levels by time:
     D:5: 2251 daAuts
     D:7: 1845 daAuts
     D:9: 1365 daAuts
     D:8: 1351 daAuts
     D:4: 1054 daAuts
     D:1: 860 daAuts
     D:6: 831 daAuts
     D:3: 813 daAuts
     D:2: 623 daAuts
  Lair:1: 250 daAuts
  Temple: 15 daAuts
